[Event "WYCC 2018 G16"]
[Site "Halkidiki"]
[Date "2018.10.30"]
[Round "11"]
[White "Muetsch, Annmarie"]
[Black "Berdnyk, Mariia"]
[Result "1-0"]
[ECO "C04"]
[WhiteElo "2206"]
[BlackElo "2179"]
[Annotator "ChessBase"]
[PlyCount "107"]
[EventDate "2018.10.20"]
[EventType "swiss"]
[EventCountry "GRE"]
[SourceTitle "playchess.com"]
[Source "ChessBase"]
[SourceQuality "1"]
[TimeControl "40/5400+30:1800+30"]

1. e4 e6 2. d4 d5 3. Nd2 Nc6 4. Ngf3 Nf6 5. e5 Nd7 6. c4 Be7 7. cxd5 exd5 8. Bd3 Nf8 9. h3 Ne6 10. Nb3 Bb4+ 11. Bd2 Nf4 12. Bf1 Bf5 13. a3 Bxd2+ 14. Qxd2 Ne6 15. Bb5 O-O 16. Bxc6 bxc6 17. Rc1 Qb8 18. Nc5 Qb5 19. a4 Qb6 20. Nd7 Qa6 21. Nxf8 Rxf8 22. Ng5 Nd8 23. h4 f6 24. Nf3 Be4 25. Rc3 Ne6 26. exf6 Rxf6 27. Ne5 Qxa4 28. f3 Bg6 29. Nxc6 Kh8 30. Kf2 Be8 31. Rhc1 h6 32. b4 Nf4 33. Ne5 Qxb4 34. R3c2 c5 35. Qxb4 cxb4 36. Rc8 Re6 37. Ra1 a6 38. g3 Nh5 39. Nd3 Kh7 40. Nc5 Re7 41. Rxa6 Bb5 42. Ra2 Bc4 43. Rb2 Ra7 44. Rb8 Ra1 45. R8xb4 Rd1 46. Nb3 g5 47. hxg5 hxg5 48. Nd2 Bd3 49. Rb7+ Kg6 50. Ke3 Bc4 51. R2b6+ Nf6 52. Nxc4 dxc4 53. Rc7 g4 54. Rxc4 {[%emt 0:03:25] Ng8} 1-0

[Event "WYCC 2018 G16"]
[Site "Halkidiki"]
[Date "2018.10.30"]
[Round "11"]
[White "Makhija, Aashna"]
[Black "Ouellet, Maili-Jade"]
[Result "1-0"]
[ECO "B16"]
[WhiteElo "2197"]
[BlackElo "2122"]
[Annotator "NA"]
[PlyCount "91"]
[EventDate "2018.10.20"]
[EventType "swiss"]
[EventCountry "GRE"]
[SourceTitle "playchess.com"]
[Source "ChessBase"]
[SourceQuality "1"]
[TimeControl "40/5400+30:1800+30"]

1. e4 c6 2. d4 d5 3. Nd2 dxe4 4. Nxe4 Nf6 5. Nxf6+ gxf6 6. Nf3 Bf5 7. Bd3 Bg6 8. O-O e6 9. c4 {[%emt 0:05:47] B16: Caro-Kann: Bronstein-Larsen Variation} Bd6 (9... Na6 10. Be3 Qd7 11. Qd2 Nc7 12. Rfd1 O-O-O 13. b4 Bg7 14. Be2 Kb8 15. a4 e5 16. b5 c5 17. d5 Qd6 18. Nh4 f5 19. f4 Rhe8 {½-½ (19) Hracek,Z (2600)-Cvek,R (2499) Karlovy Vary 2005}) 10. Re1 Nd7 $146 ({Predecessor:} 10... Be7 11. Bf4 Nd7 12. Nh4 Nb6 13. Nxg6 hxg6 14. Bg3 Qxd4 15. Rxe6 Qd7 16. Re3 O-O-O {1-0 (36) Pekun,C (2164)-Ovesen,K (1918) Rogaska Slatina 2009}) 11. d5 Bxd3 12. Qxd3 cxd5 13. cxd5 Nb6 14. g3 Be7 15. Qb5+ Qd7 16. Qxd7+ Kxd7 17. dxe6+ fxe6 18. Bf4 Nd5 19. Rad1 Bd6 20. Bxd6 Kxd6 21. Nd4 Rhe8 22. Nb5+ Kc6 23. Nd4+ Kd6 24. Rd2 a6 25. Rde2 Nc7 26. Re4 Rad8 27. f4 Kd5 28. Nc2 Kd6 29. Nd4 Kd5 30. Nb3 Kd6 31. Na5 Rb8 32. Rd1+ Ke7 33. f5 Kf7 34. Rh4 Nd5 35. fxe6+ Rxe6 36. Rxd5 Re2 37. Rd7+ Kg6 38. Rhxh7 Rc8 39. Rdg7+ Kf5 40. Rh5+ Ke6 41. Nb3 Rxb2 42. Rxb7 Rxa2 43. Nc5+ Kd6 44. Rb6+ $18 Kc7 45. Rxa6 Rb2 46. Rxf6 1-0

[Event "WYCC 2018 G16"]
[Site "Halkidiki"]
[Date "2018.10.30"]
[Round "11"]
[White "Hilario, Aleyla"]
[Black "Goltseva, Ekaterina"]
[Result "0-1"]
[ECO "D37"]
[WhiteElo "2175"]
[BlackElo "2169"]
[Annotator "NA"]
[PlyCount "96"]
[EventDate "2018.10.20"]
[EventType "swiss"]
[EventCountry "GRE"]
[SourceTitle "playchess.com"]
[Source "ChessBase"]
[SourceQuality "1"]
[TimeControl "40/5400+30:1800+30"]

1. d4 Nf6 2. c4 e6 3. Nf3 d5 4. Nc3 dxc4 5. e4 b5 6. e5 Nd5 7. Nxb5 Nb6 8. Be3 Be7 9. Be2 O-O 10. O-O $14 Nc6 11. a4 Na5 12. Nd2 Bb7 13. Qc2 Qd7 14. Qc3 Nd5 15. Qc1 c5 16. Bxc4 Nxe3 17. fxe3 a6 18. Nd6 Bxd6 19. exd6 cxd4 20. exd4 Qc6 21. Rf2 Rac8 22. b3 Qxd6 23. Qc3 Nc6 24. Ne4 Qc7 25. Ng5 Qe7 26. Qe3 Nxd4 27. Nxf7 Rxf7 28. Rxf7 Qxf7 29. Qxd4 Qg6 30. Qd2 Re8 31. Re1 Kh8 32. Qf2 h6 33. Re3 Qb1+ 34. Re1 Qg6 35. h3 Bd5 36. Bxa6 Bxb3 37. Qe3 Bd5 38. Qd2 Ra8 39. Bb5 Rc8 40. Bd3 Qg3 41. Bf1 Rc3 42. Ra1 Qe5 43. Qf2 Rxh3 44. gxh3 Qxa1 45. a5 Bc4 46. Qf8+ Kh7 47. Kg2 Bxf1+ 48. Qxf1 Qxa5 0-1

[Event "WYCC 2018 G16"]
[Site "Halkidiki"]
[Date "2018.10.30"]
[Round "11"]
[White "Peycheva, Gergana"]
[Black "Xing, Ashley"]
[Result "1-0"]
[ECO "E47"]
[WhiteElo "2152"]
[BlackElo "1889"]
[Annotator "NA"]
[PlyCount "101"]
[EventDate "2018.10.20"]
[EventType "swiss"]
[EventCountry "GRE"]
[SourceTitle "playchess.com"]
[Source "ChessBase"]
[SourceQuality "1"]
[TimeControl "40/5400+30:1800+30"]

1. d4 Nf6 2. c4 e6 3. Nc3 Bb4 4. e3 O-O 5. Bd3 c5 6. Nge2 d5 7. cxd5 cxd4 8. exd4 Nxd5 9. O-O b6 10. Nxd5 Qxd5 11. Qc2 {[%emt 0:09:02] E48: Nimzoindisch (Moderne Variante)} f5 12. Bc4 $146 ({Vorgänger:} 12. Be3 Bd6 13. f3 Ba6 14. Nc3 Bxd3 15. Qxd3 Qb7 16. Qc4 Qc8 17. Qxc8 Rxc8 18. Rfe1 Bb4 {½-½ (32) Weisshaupt,R (2100)-Ripperger,R (1950) Bad Woerishofen 1996}) 12... Qd7 13. Qb3 Bd6 14. Re1 Kh8 15. Nf4 Bxf4 16. Bxf4 Qxd4 (16... Nc6 $16) 17. Be5 Qg4 18. h3 Qg6 19. Qf3 Bd7 20. Bxe6 Bc6 21. Bd5 Bxd5 22. Qxd5 Na6 23. Re3 f4 24. Bxf4 Nb4 25. Qc4 Nc2 26. Rg3 Qf6 27. Qxc2 Qxf4 28. Rd1 Rac8 29. Qe2 Rce8 30. Qd2 Qf5 31. Qd4 Rf7 32. Rdd3 h6 33. Rgf3 Qg6 34. Rxf7 Qxf7 35. a3 Qc7 36. Re3 Rd8 37. Qb4 Qd6 38. Re8+ Kh7 39. Qe4+ g6 40. Rxd8 Qxd8 41. Qb7+ Kg8 42. Qxa7 Qd1+ $18 43. Kh2 Qd6+ 44. g3 Qd4 45. Qb8+ Kg7 46. Qc7+ Kg8 47. Qc2 Kf7 48. b3 Kg7 49. h4 h5 50. a4 Kh8 51. Qe2 1-0

[Event "WYCC 2018 G16"]
[Site "Halkidiki"]
[Date "2018.10.30"]
[Round "11"]
[White "Cervantes Landeiro, Thalia"]
[Black "Bach, Ngoc Thuy Duong"]
[Result "1-0"]
[ECO "D30"]
[WhiteElo "2129"]
[BlackElo "2161"]
[Annotator "NA"]
[PlyCount "85"]
[EventDate "2018.10.20"]
[EventType "swiss"]
[EventCountry "GRE"]
[SourceTitle "playchess.com"]
[Source "ChessBase"]
[SourceQuality "1"]
[TimeControl "40/5400+30:1800+30"]

1. d4 d5 2. c4 e6 3. Nf3 c6 4. Nbd2 Nf6 5. Qc2 Nbd7 6. g3 Bd6 7. Bg2 O-O 8. O-O Re8 9. Rd1 Qc7 10. e4 dxe4 11. Nxe4 Nxe4 12. Qxe4 c5 13. dxc5 Nxc5 14. Qd4 Bf8 15. Bf4 Qb6 16. Rab1 Nd7 17. Qxb6 Nxb6 18. b3 a5 19. Ne5 f6 20. Be3 Ra6 21. Nd3 Nd7 22. c5 e5 23. Bd5+ Kh8 24. Bf7 Rae6 25. a3 R6e7 26. Bxe8 Rxe8 27. b4 axb4 28. axb4 e4 29. Nf4 Ne5 30. b5 Kg8 31. h3 Kf7 32. Kg2 g5 33. Nd5 Be6 34. Nc7 Rc8 35. Nxe6 Kxe6 36. c6 bxc6 37. b6 c5 38. b7 Rb8 39. Rb6+ Kf7 40. Ra1 Nd7 41. Ra8 Be7 42. Rxb8 Nxb8 43. Rb5 1-0

[Event "WYCC 2018 G16"]
[Site "Halkidiki"]
[Date "2018.10.30"]
[Round "11"]
[White "Schulze, Lara"]
[Black "Beydullayeva, Govhar"]
[Result "1/2-1/2"]
[ECO "C07"]
[WhiteElo "2122"]
[BlackElo "2202"]
[Annotator "NA"]
[PlyCount "69"]
[EventDate "2018.10.20"]
[EventType "swiss"]
[EventCountry "GRE"]
[SourceTitle "playchess.com"]
[Source "ChessBase"]
[SourceQuality "1"]
[TimeControl "40/5400+30:1800+30"]

1. e4 e6 2. d4 d5 3. Nd2 c5 4. exd5 Qxd5 5. dxc5 Bxc5 6. Ngf3 Nf6 7. Bc4 Qd8 8. O-O Nc6 9. Qe2 Qc7 {[%emt 0:04:47] C07: French Tarrasch: 3...c5, 4 Ngf3 and 4 exd5 Qxd5} 10. Re1 $146 ({Predecessor:} 10. Ne4 Be7 11. Rd1 h6 12. Nxf6+ Bxf6 13. Qe4 Ne5 14. Bb5+ Bd7 15. Nxe5 Bxb5 16. Bf4 Bc6 {½-½ (73) Naiditsch,A (2689)-Hou,Y (2588) Khanty-Mansiysk 2009}) 10... Bd7 11. a4 h6 12. c3 Bd6 13. Bd3 O-O 14. Nc4 e5 (14... Rfe8 $11 {remains equal.}) 15. Qd1 Ne8 16. Nxd6 Qxd6 17. b4 Bg4 18. b5 Ne7 19. Ba3 Qc7 20. h3 Bxf3 21. Qxf3 Nf6 22. Qe2 e4 23. Bxe4 Rfe8 24. Qf3 Nxe4 25. Rxe4 Ng6 26. Rae1 Rxe4 27. Rxe4 a6 28. c4 axb5 29. cxb5 Qc2 30. Bd6 Rd8 31. Bb4 Qxa4 32. b6 Qc6 33. Qe3 $15 Ra8 34. h4 h5 35. Bc5 1/2-1/2

[Event "WYCC 2018 G16"]
[Site "Halkidiki"]
[Date "2018.10.30"]
[Round "11"]
[White "Grigorieva, Yulia"]
[Black "Sanabria Taskila, Jenny Maria"]
[Result "1-0"]
[ECO "A14"]
[WhiteElo "2112"]
[BlackElo "1728"]
[Annotator "NA"]
[PlyCount "47"]
[EventDate "2018.10.20"]
[EventType "swiss"]
[EventCountry "GRE"]
[SourceTitle "playchess.com"]
[Source "ChessBase"]
[SourceQuality "1"]
[TimeControl "40/5400+30:1800+30"]

1. c4 e6 2. Nf3 Nf6 3. g3 d5 4. Bg2 Be7 5. O-O O-O 6. d4 c6 7. Qc2 b6 8. Rd1 Bb7 9. b3 Nbd7 10. Nc3 a5 {[%emt 0:02:42] E08: Closed Catalan: Main Line: 7 Qc2} (10... Rc8 11. e4 c5 12. dxc5 dxc4 13. b4 a5 14. a3 axb4 15. axb4 bxc5 16. b5 Qc7 17. Bf4 e5 18. Bg5 Nb6 19. Nd2 {½-½ (32) Nakamura,H (2787)-Carlsen,M (2855) Bilbao 2016}) 11. e4 a4 12. cxd5 $146 ({Predecessor:} 12. bxa4 Nxe4 13. Nxe4 dxe4 14. Qxe4 Rxa4 15. Qc2 Qa8 16. c5 Rd8 17. cxb6 Ra6 18. Bg5 Bxg5 19. Nxg5 {1-0 (35) Morozov,N (2438)-Mufic,G (2299) Spilimbergo 2018}) 12... cxd5 13. e5 axb3 14. Qxb3 Ne4 15. Nxe4 dxe4 16. Nd2 Bd5 17. Qb1 Ra4 18. Nxe4 Qa8 19. Qb5 Bc6 20. Nf6+ Bxf6 $18 21. Bxc6 Ra5 22. Bxa8 Rxb5 23. Bc6 Nxe5 24. Bxb5 1-0

[Event "WYCC 2018 G16"]
[Site "Halkidiki"]
[Date "2018.10.30"]
[Round "11"]
[White "Bulatova, Kamaliya"]
[Black "Miroshnik, Ekaterina"]
[Result "1/2-1/2"]
[ECO "A46"]
[WhiteElo "2108"]
[BlackElo "2023"]
[Annotator "NA"]
[PlyCount "86"]
[EventDate "2018.10.20"]
[EventType "swiss"]
[EventCountry "GRE"]
[SourceTitle "playchess.com"]
[Source "ChessBase"]
[SourceQuality "1"]
[TimeControl "40/5400+30:1800+30"]

1. d4 Nf6 2. Nf3 e6 3. g3 d5 4. Bg2 Be7 5. O-O {[%emt 0:00:00] LiveBook: 1426 Games} b5 6. c3 {[%emt 0:00:03] A46: 1 d4 Nf6 2 Nf3 e6: Torre, London and Colle Systems} (6. Qd3 O-O 7. Bg5 c6 8. Nbd2 a5 9. e4 Ba6 10. Rfe1 h6 11. Bxf6 Bxf6 12. c3 b4 13. c4 dxc4 14. Nxc4 {½-½ (52) Vachier Lagrave,M (2789)-Meier,G (2648) Karlsruhe/Baden-Baden 2018}) 6... O-O 7. a4 b4 8. a5 bxc3 9. bxc3 Ba6 10. Ne5 Nfd7 11. Nd3 c5 12. e4 Nf6 13. exd5 exd5 $146 ({Predecessor:} 13... Nxd5 14. dxc5 {½-½ (59) Sriram,J (2393)-Le,T (2485) Vientiane 2018}) 14. dxc5 Nbd7 15. Re1 Bxd3 16. Qxd3 Nxc5 17. Qd1 Rb8 18. Be3 Qd7 19. Ra2 Nce4 20. Bd4 Rfc8 21. Rae2 Bc5 22. Bxc5 Rxc5 23. Bxe4 dxe4 24. Qxd7 Nxd7 25. Rxe4 Rxa5 26. Re8+ Rxe8 27. Rxe8+ Nf8 28. Nd2 f6 29. Nb3 Ra3 30. Rb8 a5 $11 31. c4 a4 32. Nc5 Kf7 33. Ra8 Ra1+ 34. Kg2 a3 35. Ra7+ Kg6 36. Nb3 Ra2 37. Nd4 Rd2 38. Nf3 Rc2 39. Nh4+ Kh6 40. Rxa3 Rxc4 41. Re3 g5 42. Re8 gxh4 43. Rxf8 Kg7 1/2-1/2

[Event "WYCC 2018 G16"]
[Site "Halkidiki"]
[Date "2018.10.30"]
[Round "11"]
[White "Salonika, Saina"]
[Black "Serikbay, Assel"]
[Result "0-1"]
[ECO "B42"]
[WhiteElo "2093"]
[BlackElo "2166"]
[Annotator "NA"]
[PlyCount "124"]
[EventDate "2018.10.20"]
[EventType "swiss"]
[EventCountry "GRE"]
[SourceTitle "playchess.com"]
[Source "ChessBase"]
[SourceQuality "1"]
[TimeControl "40/5400+30:1800+30"]

1. e4 c5 2. Nf3 e6 3. d4 cxd4 4. Nxd4 a6 5. Bd3 Nf6 6. O-O d6 7. Qe2 {[%emt 0:00:00] LiveBook: 188 Games} g6 8. c4 Bg7 9. Nc3 O-O {[%emt 0:00:35] B42: Sicilian: Kan Variation: 5 Bd3} 10. Bg5 (10. Rd1 Nbd7 11. Nf3 Qc7 12. h3 b6 13. Bf4 Nh5 14. Bg5 Bb7 15. Rac1 Rac8 16. Qe3 Rfe8 17. Be2 Bf8 18. Bh6 Ng7 19. b3 {½-½ (19) Tazbir,M (2513)-Hera,I (2619) Germany 2017}) 10... Nbd7 11. Qd2 Qc7 12. Be2 b6 13. Rac1 $146 ({Predecessor:} 13. Rfd1 Bb7 14. f3 Rfe8 15. Rac1 Rac8 16. Nb3 Bf8 17. Qf4 {0-1 (51) Martinez,A (2215)-Serikbay,A (2125) Batumi 2018}) 13... Bb7 14. f3 Rac8 15. Rfd1 Rfd8 16. b4 Qb8 17. Nb3 Ne5 18. f4 Nc6 (18... Nxc4 $11 {keeps the balance.} 19. Bxc4 Rxc4) 19. a3 h6 20. Bh4 Ne7 21. Bd3 Rd7 22. Qe3 d5 23. cxd5 Rxc3 24. dxe6 Rxc1 25. exf7+ Kxf7 26. Rxc1 Rxd3 27. Qxd3 Bxe4 28. Qd2 Bd5 29. Re1 Qb7 30. Nc1 Nf5 31. Bxf6 Bxf6 32. h3 Nh4 33. Rd1 Bxg2 34. Qd7+ Qxd7 35. Rxd7+ Ke6 36. Ra7 Bd4+ 37. Kh2 Bd5 38. Ne2 Bf2 39. Rxa6 Nf5 40. Nc3 Bf3 41. a4 Ne3 42. h4 Kf5 43. Nb1 Nf1+ 44. Kh3 Kxf4 45. Ra7 Ne3 46. Rf7+ Nf5 47. Nd2 Bd5 48. Rd7 Be6 49. Rd3 Nxh4+ 50. Kh2 g5 51. a5 bxa5 52. bxa5 g4 53. Nf1 Bc4 54. Rd1 h5 55. Ra1 Kg5 (55... Nf3+ $142 56. Kg2 Bd4 57. Ra4 Bd5 58. Ng3 Nd2+ 59. Kh2 Kg5 60. a6 h4 61. Rxd4 Nf3+ 62. Kh1 Nxd4+ 63. Kh2 hxg3+ 64. Kxg3 Nf5+ 65. Kf2 g3+ 66. Kf1 Nd4 67. Ke1 Kf4 68. a7 g2 69. Kf2 Ba8 70. Kg1 Kf3 71. Kh2 Ne2 72. Kh3 g1=Q 73. Kh4 Qg4#) 56. Ng3 Bd4 57. Ra4 $19 Nf3+ 58. Kg2 Bb5 59. Rb4 Bc6 60. a6 h4 61. Ne2 Nd2+ 62. Kh2 Nf1# 0-1

[Event "WYCC 2018 G16"]
[Site "Halkidiki"]
[Date "2018.10.30"]
[Round "11"]
[White "Kucharska, Honorata"]
[Black "Maltsevskaya, Aleksandra"]
[Result "1-0"]
[ECO "B24"]
[WhiteElo "2073"]
[BlackElo "2290"]
[Annotator "ChessBase"]
[PlyCount "101"]
[EventDate "2018.10.20"]
[EventType "swiss"]
[EventCountry "GRE"]
[SourceTitle "playchess.com"]
[Source "ChessBase"]
[SourceQuality "1"]
[TimeControl "40/5400+30:1800+30"]

1. e4 c5 2. Nc3 Nc6 3. Bb5 Nd4 4. Bc4 e6 5. Nf3 a6 6. d3 b5 7. Bb3 Nxb3 8. axb3 Bb7 9. O-O Qc7 10. e5 Ne7 11. Re1 Ng6 12. Qe2 Be7 13. Ng5 f6 14. exf6 gxf6 15. Nh3 Rg8 16. Ne4 O-O-O 17. f3 f5 18. Ng3 Bh4 19. Qe3 Rdf8 20. f4 Bf6 21. c3 Rf7 22. Bd2 Qc6 23. Re2 Ne7 24. Rc1 h5 25. Qf2 Rg4 26. b4 Rfg7 27. Ng5 h4 28. Nh5 h3 29. Qxc5 Qxc5+ 30. bxc5 Rg6 31. Nxf6 Rxf6 32. Nxh3 Rh6 33. Ng5 Bc6 34. Nf7 Rh3 35. Ne5 Rg8 36. Nxc6 Nxc6 37. g3 Ne7 38. Be3 Nd5 39. c4 Nf6 40. cxb5 axb5 41. c6 Ng4 42. Bd4 dxc6 43. Rxc6+ Kd7 44. Ra6 Rc8 45. Ra7+ Kd6 46. Bc3 Kc5 47. Rxe6 Rxh2 48. Rg6 Rd8 49. Rc7+ Kd5 50. Rb7 Rd6 51. Rxg4 1-0

[Event "WYCC 2018 G16"]
[Site "Halkidiki"]
[Date "2018.10.30"]
[Round "11"]
[White "Rudzinska, Michalina"]
[Black "Solozhenkina, Elizaveta"]
[Result "1/2-1/2"]
[ECO "B92"]
[WhiteElo "2073"]
[BlackElo "2276"]
[Annotator "NA"]
[PlyCount "49"]
[EventDate "2018.10.20"]
[EventType "swiss"]
[EventCountry "GRE"]
[SourceTitle "playchess.com"]
[Source "ChessBase"]
[SourceQuality "1"]
[TimeControl "40/5400+30:1800+30"]

1. e4 c5 2. Nf3 d6 3. d4 cxd4 4. Nxd4 Nf6 5. Nc3 {[%emt 0:00:00] LiveBook: 99691 Games} a6 6. Be2 e5 7. Nb3 Be7 8. O-O O-O 9. Re1 Be6 10. Bf3 Nbd7 11. a4 Rc8 12. Nd2 Qa5 13. Nf1 b5 14. Ne3 b4 15. Ncd5 Bxd5 16. exd5 g6 17. b3 Nb6 18. Qd2 e4 19. Bb2 exf3 {[%emt 0:20:51] [#]} 20. Nf5 $11 Bd8 21. Qh6 gxf5 22. Qg5+ Kh8 23. Bxf6+ Bxf6 24. Qxf6+ Kg8 25. Qg5+ 1/2-1/2

[Event "WYCC 2018 G16"]
[Site "Halkidiki"]
[Date "2018.10.30"]
[Round "11"]
[White "Srdanovic, Jovana"]
[Black "Sanskriti Goyal"]
[Result "0-1"]
[ECO "E14"]
[WhiteElo "2072"]
[BlackElo "1971"]
[Annotator "NA"]
[PlyCount "68"]
[EventDate "2018.10.20"]
[EventType "swiss"]
[EventCountry "GRE"]
[SourceTitle "playchess.com"]
[Source "ChessBase"]
[SourceQuality "1"]
[TimeControl "40/5400+30:1800+30"]

1. d4 e6 2. c4 Nf6 3. Nf3 b6 4. e3 Bb7 5. Nc3 d5 6. cxd5 Nxd5 7. Bd3 c5 8. O-O Nc6 9. a3 cxd4 10. exd4 Be7 11. Re1 $11 {[%emt 0:10:51] LiveBook: 3 Games} O-O 12. Qc2 g6 13. Bh6 Re8 14. Ne4 Rc8 15. Qe2 Nf6 16. Rad1 Nxd4 17. Nxd4 Qxd4 18. Be3 Qe5 19. f4 Qb8 20. Nxf6+ Bxf6 21. Rd2 Bg7 22. h4 Red8 23. Qf2 Rd5 24. Bb1 Rxd2 25. Qxd2 Rd8 26. Qf2 Qd6 27. h5 Qd5 28. hxg6 hxg6 29. Rc1 Bd4 30. Re1 Bxe3 31. Rxe3 Qd1+ 32. Re1 Qd2 33. Qg3 Qxb2 34. Be4 Qd4+ 0-1

[Event "WYCC 2018 G16"]
[Site "Halkidiki"]
[Date "2018.10.30"]
[Round "11"]
[White "Urh, Zala"]
[Black "Gomez Barrera, Javiera Belen"]
[Result "1/2-1/2"]
[ECO "E73"]
[WhiteElo "2066"]
[BlackElo "2136"]
[Annotator "NA"]
[PlyCount "77"]
[EventDate "2018.10.20"]
[EventType "swiss"]
[EventCountry "GRE"]
[SourceTitle "playchess.com"]
[Source "ChessBase"]
[SourceQuality "1"]
[TimeControl "40/5400+30:1800+30"]

1. d4 Nf6 2. c4 g6 3. Nc3 Bg7 4. e4 d6 5. Be2 {[%emt 0:00:00] LiveBook: 11467 Games} O-O 6. Be3 Na6 7. Nf3 c5 {[%emt 0:13:52] E91: Königsindisch (Klassisches System)} (7... e5 8. d5 Ng4 9. Bg5 f6 10. Bh4 h5 11. Nd2 Nh6 12. f3 Nf7 13. O-O Bh6 14. Kh1 c5 15. Bd3 Kg7 16. Qe2 Qe7 17. a3 Bd7 18. Rab1 {½-½ (18) Sakaev,K (2584)-Kokarev,D (2608) St Petersburg 2018}) 8. d5 e6 9. O-O exd5 10. exd5 $146 ({Vorgänger:} 10. cxd5 Nc7 11. a4 Re8 12. Nd2 b6 13. h3 a6 14. Qc2 Rb8 15. Rab1 {½-½ (38) Khademalsharieh,S (2412)-Zhang,X (2376) Al Ain 2015}) 10... Bf5 11. Bd3 Bxd3 12. Qxd3 Re8 13. Rae1 Nb4 14. Qb1 Qd7 15. a3 Na6 16. h3 Rab8 17. Bf4 Rxe1 18. Rxe1 Nc7 19. Qd3 a6 20. b4 b6 21. Ng5 Re8 $14 22. Rb1 cxb4 23. axb4 b5 24. cxb5 axb5 25. Rd1 Nh5 26. Bh2 Be5 27. Nge4 f5 28. Ng5 f4 29. Nf3 Qf5 30. Ne4 h6 31. Nh4 Qf7 32. g4 fxg3 33. fxg3 Rf8 34. Kg2 g5 35. Nf3 Qf5 36. Nfd2 Qf7 37. Nf3 Qf5 38. Nfd2 Qf7 39. Nf3 1/2-1/2

[Event "WYCC 2018 G16"]
[Site "Halkidiki"]
[Date "2018.10.30"]
[Round "11"]
[White "Aubert, Estee"]
[Black "Ros Alonso, Joana"]
[Result "0-1"]
[ECO "C00"]
[WhiteElo "2064"]
[BlackElo "1952"]
[Annotator "NA"]
[PlyCount "90"]
[EventDate "2018.10.20"]
[EventType "swiss"]
[EventCountry "GRE"]
[SourceTitle "playchess.com"]
[Source "ChessBase"]
[SourceQuality "1"]
[TimeControl "40/5400+30:1800+30"]

1. e4 e6 2. d3 d5 3. Nd2 Nf6 4. Ngf3 dxe4 5. dxe4 Bc5 6. Bc4 Nc6 7. c3 a5 8. O-O e5 9. Bb5 Qe7 10. Bxc6+ bxc6 11. Nc4 O-O 12. Qa4 Ba6 13. Nfxe5 Nxe4 14. Qxc6 Nxf2 15. Rxf2 Bxc4 16. Bf4 Bxf2+ 17. Kxf2 Be6 18. Kg1 Qd6 19. Qf3 Qb6+ 20. Qf2 Qxf2+ 21. Kxf2 Rab8 22. b3 a4 23. b4 g5 24. Be3 f6 25. Nd3 a3 26. Nc5 Bf5 27. Nb3 Rfe8 28. Bc5 Re4 29. Nd4 Bd7 30. Rd1 Rbe8 31. g3 Bg4 32. Rd2 Re1 33. b5 Bh3 34. Ne6 R8xe6 35. Kf3 R6e5 36. g4 Rxc5 37. Rd3 Rc1 38. c4 R5xc4 39. b6 cxb6 40. Rd8+ Kf7 41. Kf2 R4c3 42. Rb8 R1c2+ 43. Ke1 Rf3 44. Rb7+ Kg6 45. Kd1 Rxh2 0-1

[Event "WYCC 2018 G16"]
[Site "Halkidiki"]
[Date "2018.10.30"]
[Round "11"]
[White "Gombocz, Zsofia"]
[Black "Zhang, Cindy"]
[Result "1-0"]
[ECO "C07"]
[WhiteElo "2038"]
[BlackElo "1790"]
[Annotator "NA"]
[PlyCount "91"]
[EventDate "2018.10.20"]
[EventType "swiss"]
[EventCountry "GRE"]
[SourceTitle "playchess.com"]
[Source "ChessBase"]
[SourceQuality "1"]
[TimeControl "40/5400+30:1800+30"]

1. e4 e6 2. d4 d5 3. Nd2 c5 4. Ngf3 cxd4 5. exd5 Qxd5 6. Bc4 Qd6 7. O-O Nf6 8. Nb3 Nc6 9. Nfxd4 Nxd4 10. Nxd4 Be7 11. Be3 {[%emt 0:03:20] C07: French Tarrasch: 3...c5, 4 Ngf3 and 4 exd5 Qxd5} (11. b3 a6 12. Bb2 O-O 13. Qf3 Bd7 14. Rfe1 b5 15. Bd3 Rfe8 16. Rad1 Qc5 17. Qg3 Bd6 18. Qh4 e5 19. Nf5 Bxf5 20. Bxf5 {½-½ (50) Priyadharshan,K (2554)-Holt,C (2592) Berkeley 2018}) 11... e5 $146 ({Predecessor:} 11... O-O 12. Qf3 Qc7 13. Bb3 Bd7 14. Rfe1 Bd6 15. h3 e5 16. Bg5 exd4 17. Bxf6 gxf6 18. Re4 Qc5 19. Qxf6 {½-½ (87) Perez Manas,B (2350)-Diaz Camallonga,C (2463) Barcelona 2018}) 12. Nb5 Qb8 13. Qf3 O-O 14. Rfe1 Bd7 15. Nc3 Bc6 16. Qg3 b5 17. Bb3 b4 18. Ne2 Kh8 19. f3 Nd5 20. Qf2 Nxe3 21. Qxe3 f5 22. Nf4 Bh4 23. Ne6 Rf6 24. Red1 Rg6 25. Kh1 Qb7 26. Nc5 Qe7 27. Nd3 Re8 28. c3 bxc3 29. bxc3 f4 30. Qe2 Qc7 31. Nb4 Bb7 32. Nd5 Qb8 33. Ba4 Ree6 34. Bc2 Rh6 35. Be4 Bg3 36. h3 Re8 37. Rab1 Qc8 38. Nf6 gxf6 39. Rxb7 f5 40. Bd5 Qxc3 41. Qb5 Rc8 42. Qd7 e4 $18 43. Qxf5 e3 44. Be4 Kg8 45. Qg5+ Rg6 46. Rd8+ 1-0

[Event "WYCC 2018 G16"]
[Site "Halkidiki"]
[Date "2018.10.30"]
[Round "11"]
[White "Sosa Suarez, Carla Cristina"]
[Black "Golsta, Ramona"]
[Result "1-0"]
[ECO "B39"]
[WhiteElo "2025"]
[BlackElo "1681"]
[Annotator "NA"]
[PlyCount "69"]
[EventDate "2018.10.20"]
[EventType "swiss"]
[EventCountry "GRE"]
[SourceTitle "playchess.com"]
[Source "ChessBase"]
[SourceQuality "1"]
[TimeControl "40/5400+30:1800+30"]

1. e4 c5 2. Nf3 g6 3. d4 cxd4 4. Nxd4 Bg7 5. c4 Nc6 6. Be3 Nf6 7. Nc3 Ng4 8. Qxg4 Nxd4 9. Qd1 e5 10. Bd3 d6 11. O-O O-O 12. a4 a6 13. f3 Be6 14. Ne2 Rc8 15. b3 f5 16. Nxd4 exd4 17. Bf2 fxe4 18. fxe4 Be5 19. Qd2 Bf4 20. Qe2 Qg5 21. Bxd4 Bg4 22. Qe1 Bd2 23. Qg3 Bf4 24. h4 Bxg3 25. hxg5 Be5 26. Bxe5 dxe5 27. Rxf8+ Rxf8 28. Rc1 Rd8 29. Rc3 Rd4 30. Kf2 a5 31. Ke3 Rd8 32. c5 Bd7 33. Bc4+ Kg7 34. Rd3 h5 35. Bb5 1-0

[Event "WYCC 2018 G16"]
[Site "Halkidiki"]
[Date "2018.10.30"]
[Round "11"]
[White "Hercog, Nusa"]
[Black "Shanya Mishra"]
[Result "1/2-1/2"]
[ECO "D43"]
[WhiteElo "2017"]
[BlackElo "1924"]
[Annotator "NA"]
[PlyCount "68"]
[EventDate "2018.10.20"]
[EventType "swiss"]
[EventCountry "GRE"]
[SourceTitle "playchess.com"]
[Source "ChessBase"]
[SourceQuality "1"]
[TimeControl "40/5400+30:1800+30"]

1. d4 Nf6 2. c4 e6 3. Nf3 d5 4. Nc3 c6 5. Qb3 dxc4 6. Qxc4 b5 7. Qd3 Nbd7 8. Bg5 Be7 9. e4 b4 10. Na4 Qa5 11. b3 e5 12. Be2 O-O 13. O-O Rd8 14. Qc4 exd4 15. Qxc6 Nb6 16. Nxb6 axb6 17. e5 Nd5 18. Bxe7 Nxe7 19. Qc7 Rd7 20. Qc2 Bb7 21. Rfe1 Rc8 22. Qd2 Ng6 23. e6 fxe6 24. Bc4 Rxc4 25. bxc4 Bxf3 26. gxf3 Qf5 27. Re4 Qxf3 28. Qe2 Qc3 29. Rd1 e5 30. Rxe5 Nxe5 31. Qxe5 Rd8 32. Qe6+ Kh8 33. Qxb6 Rc8 34. Qxd4 h6 1/2-1/2

[Event "WYCC 2018 G16"]
[Site "Halkidiki"]
[Date "2018.10.30"]
[Round "11"]
[White "Duson, Robin"]
[Black "Sankova, Stella"]
[Result "1/2-1/2"]
[ECO "E32"]
[WhiteElo "1999"]
[BlackElo "2051"]
[Annotator "NA"]
[PlyCount "69"]
[EventDate "2018.10.20"]
[EventType "swiss"]
[EventCountry "GRE"]
[SourceTitle "playchess.com"]
[Source "ChessBase"]
[SourceQuality "1"]
[TimeControl "40/5400+30:1800+30"]

1. d4 Nf6 2. c4 e6 3. Nc3 Bb4 4. Qc2 O-O 5. a3 Bxc3+ 6. Qxc3 b6 7. Bg5 Bb7 8. e3 h6 9. Bh4 d6 10. Ne2 Nbd7 11. Qc2 c5 12. Rd1 Qc7 13. Nc3 cxd4 14. Rxd4 d5 15. Nb5 Qc6 16. Rd2 dxc4 17. Nd4 $17 Qc5 18. f3 e5 19. Nf5 e4 20. Nd6 Bc6 21. Bxc4 exf3 22. O-O Qxe3+ 23. Bf2 Qg5 24. Bd4 Ne4 25. Nxe4 Bxe4 26. Qxe4 Qxd2 27. Rxf3 Qc1+ 28. Bf1 Nc5 29. Rg3 Nxe4 30. Rxg7+ Kh8 31. Rxf7+ Nf6 32. Bxf6+ Kg8 33. Rg7+ Kh8 34. Rf7+ Kg8 35. Rg7+ 1/2-1/2